 Dungeon Crawl Stone Soup version 0.18-a0-1577-gf591c28 (webtiles) character file.

515 namelastname112 the Martial Artist (level 7, 57/57 HPs)
             Began as a Purple Draconian Monk on Mar 22, 2016.
             Quit the game on level 3 of the Dungeon.
             The game lasted 00:03:48 (2926 turns).

namelastname112 the Martial Artist (DrMo)           Turns: 2926, Time: 00:03:48

Health: 57/57      AC:  7    Str: 14    XL:     7   Next: 0%
Magic:  7/7        EV: 13    Int: 10    God:
Gold:   136        SH:  2    Dex: 17    Spells: 0 memorised, 6 levels left

rFire  + . .     SeeInvis .       - Unarmed
rCold  . . .     Gourm    .     (armour unavailable)
rNeg   . . .     Faith    .     (no shield)
rPois  .         Spirit   .     (helmet restricted)
rElec  .         Dismiss  .     (no cloak)
rCorr  .         Reflect  +     (no gloves)
SustAt .         Harm     .     g - +0 pair of boots
MR     +....     Rnd*Rage +     o - +2 amulet of reflection
Stlth  ++........               (no ring)
                                (no ring)

@: somewhat resistant to hostile enchantments, unstealthy
A: breathe power, unfitting armour, agile 1, berserk 1, fire resistance 1,
cold-blooded, AC +6
a: Breathe Dispelling Energy


You were on level 3 of the Dungeon.
You were not hungry.

You visited 1 branch of the dungeon, and saw 4 of its levels.

You collected 136 gold pieces.

Inventory:

Armour
 g - a +0 pair of boots (worn)
Jewellery
 o - a +2 amulet of reflection (around neck)
Scrolls
 c - 2 scrolls of recharging
 e - 2 scrolls of enchant weapon {unknown}
 h - a scroll of enchant armour {unknown}
 j - a scroll of remove curse {unknown}
 l - a scroll of blinking {unknown}
 t - a scroll of teleportation {unknown}
 u - a scroll of noise {unknown}
Potions
 b - a potion of haste {unknown}
 i - a potion of degeneration {unknown}
 k - a potion of brilliance {unknown}
 p - 2 potions of lignification {unknown}
 r - a potion of flight
 s - 2 potions of might
Comestibles
 a - 2 bread rations
 d - 3 fruits
 f - a royal jelly
 m - 2 meat rations
 n - a beef jerky
 q - 2 chunks of flesh


   Skills:
 - Level 3.2 Fighting
 - Level 2.6 Dodging
 - Level 1.7 Stealth
 + Level 8.4 Unarmed Combat


You had 6 spell levels left.
You didn't know any spells.

Dungeon Overview and Level Annotations

Branches:
Dungeon (4/15)
 Temple: D:4-7

Altars:
Ashenzari
Fedhas
Gozag
The Shining One

Annotations:
D:3 PeterLawrence's ghost, amateur GrFi
D:4 PeterLawrence's ghost, amateur GrFi


Innate Abilities, Weirdness & Mutations

You can breathe bolts of dispelling energy.
Your rich purple scales are hard (AC +6).
Your body does not fit into most forms of armour.
You are cold-blooded and may be slowed by cold attacks.
You are agile. (Dex +2)
You tend to lose your temper in combat.
Your flesh is heat resistant.


Message History

You can breathe bolts of dispelling energy.
Key pressed, stopping explore.
A ball python comes into view.
A ball python is nearby!
A ball python is nearby!
The helpless ball python fails to defend itself.
You hit the ball python. You tail-slap the ball python.
The ball python is severely wounded.
The ball python misses you. The ball python barely misses you.
You punch the ball python!
You kill the ball python!
No target in view!
No target in view!
No target in view!
No target in view!
No target in view!
No target in view!
No target in view!
No target in view!
Are you sure you want to abandon this character and quit the game? (Confirm with "yes".)

....#.............#.#
#.####.
....#######.......#.#
#...... ....#
###........#.#
####...
...#####......##....#
##....
..###....##..###...##
#.....
####..#####...####.#
#..... #....## ##..#
#..# #..... ..####
#...###.### ##....
.#####. #...@...#
##... .......#
#.......# ####
.####### #.......# ##
#...!...# #.......#
#########


There were no monsters in sight!

Vanquished Creatures
  Sigmund (D:2)
  A water moccasin skeleton (D:4)
  A crimson imp (D:4)
  A centaur skeleton (D:4)
  A giant frog skeleton (D:4)
  An orc wizard (D:3)
  An iguana (D:4)
  A hound skeleton (D:4)
  6 adders
  An ooze (D:1)
  3 worms (D:2)
  2 dart slugs (D:1)
  3 giant geckos
  8 orcs
  2 giant cockroaches
  5 goblins
  8 hobgoblins
  4 jackals (D:1)
  6 kobolds
  A quokka (D:4)
  4 ball pythons
  3 bats
  A giant gecko skeleton (D:4)
  4 giant newts
  A goblin zombie (D:4)
  A hobgoblin zombie (D:4)
  A kobold skeleton (D:4)
  A kobold zombie (D:4)
  2 orc skeletons (D:4)
  2 orc zombies (D:4)
  3 rats
80 creatures vanquished.

Notes
Turn   | Place    | Note
--------------------------------------------------------------
     0 | D:1      | namelastname112 the Draconian Monk began the quest for the Orb.
     0 | D:1      | Reached XP level 1. HP: 19/19 MP: 1/1
   154 | D:1      | Reached XP level 2. HP: 17/26 MP: 2/2
   553 | D:1      | Reached skill level 5 in Unarmed Combat
   553 | D:1      | Reached XP level 3. HP: 31/31 MP: 3/3
   880 | D:2      | Found a shattered altar of Ashenzari.
  1026 | D:2      | Found a blossoming altar of Fedhas.
  1026 | D:2      | Found an opulent altar of Gozag.
  1219 | D:2      | Reached XP level 4. HP: 18/38 MP: 4/4
  1436 | D:2      | Noticed Sigmund
  1452 | D:2      | Killed Sigmund
  1452 | D:2      | Reached skill level 7 in Unarmed Combat
  1452 | D:2      | Reached XP level 5. HP: 20/45 MP: 5/5
  1655 | D:3      | Noticed PeterLawrence's ghost (amateur GrFi)
  1844 | D:4      | Reached XP level 6. HP: 41/51 MP: 6/6
  1961 | D:4      | Found a glowing golden altar of the Shining One.
  2161 | D:4      | Reached skill level 8 in Unarmed Combat
  2240 | D:4      | Noticed PeterLawrence's ghost (amateur GrFi)
  2573 | D:2      | Gained mutation: You tend to lose your temper in combat. [potion of mutation]
  2573 | D:2      | Gained mutation: Your flesh is heat resistant. [potion of mutation]
  2573 | D:2      | Gained mutation: You are agile. (Dex +2) [potion of mutation]
  2903 | D:3      | Your scales start taking on a rich purple colour.
  2903 | D:3      | Reached XP level 7. HP: 57/57 MP: 7/7
  2926 | D:3      | Quit the game

Vault maps used:
D:1:      denvon_arrival_planthouse
D:2:      evilmike_ruin_ashenzari, gammafunk_temple_overflow_wave, uniq_sigmund
D:3:      lemuel_statue_altar
D:4:      nicolae_tso_besieged_by_evil, first_bread

Skill      XL: |  1  2  3  4  5  6 |
---------------+-------------------+-----
Unarmed Combat | 5 7 8 |  8.4
Fighting       | |  3.2
Dodging        | |  2.6
Stealth        | |  1.7

Action                   |  1- 3 |  4- 6 |  7- 9 || total
-------------------------+-------+-------+-------++-------
Melee: Unarmed           |   135 |   173 |     2 ||   310
  Use: Potion            |       |     2 |       ||     2
       Scroll            |       |     4 |       ||     4
 Stab: Sleeping          |     3 |     1 |     1 ||     5
  Eat: Chunk             |     1 |     6 |       ||     7
